Map: Orbital Shipyard

Players

MarineLorD

  • Race: Terran Terran
  • League: Master

HuK - Winner!

  • Race: Protoss Protoss
  • League: Grandmaster

Event: DreamHack ZOWIE Open Leipzig

VOD

Have the link to the VOD?

Description

Time

  • Played on: Jan. 22, 2016, 8:40 a.m.
  • Length: 15:29

All games in this series

Show
View Real Time Build Order
Export as new Build Order

MarineLorD Terran 

Build Orders: MMM Bio 

Get SALT Encoding   

  12  0:00  SCV  
  13  0:12  SCV  
  14  0:17  Supply Depot  
  14  0:24  SCV  
  15  0:38  SCV  
  15  0:40  Barracks  
  16  0:46  Refinery  
  16  0:50  SCV  
  17  1:03  SCV  
  18  1:15  SCV  
  19  1:27  Orbital Command  
  19  1:29  Barracks Reactor  
  19  1:40  Command Center  
  19  1:52  SCV  
  20  1:55  Supply Depot  
  20  2:04  SCV, Marine  
  20  2:05  Marine  
  23  2:10  Factory  
  23  2:16  SCV  
  23  2:22  Marine x2  
  25  2:26  Refinery  
  25  2:28  SCV  
  27  2:40  SCV, Reaper, Marine  
  30  2:52  Orbital Command  
  30  2:53  SCV  
  30  2:55  Factory Tech Lab  
  30  2:58  Marine  
  32  3:05  SCV  
  33  3:07  Starport  
  33  3:12  Marine  
  33  3:17  SCV  
  36  3:20  SCV  
  36  3:26  Marine  
  37  3:27  Supply Depot  
  37  3:28  Cyclone  
  37  3:30  Marine  
  37  3:32  SCV  
  37  3:33  SCV  
  43  3:40  Supply Depot  
  43  3:44  SCV  
  43  3:45  Viking  
  46  3:52  Supply Depot  
  46  3:53  SCV  
  47  3:56  SCV  
  47  3:57  Marine x2  
  47  4:00  Liberator  
  50  4:05  SCV  
  50  4:08  SCV  
  50  4:09  Factory Tech Lab  
  52  4:14  Barracks  
  52  4:15  Marine x2  
  54  4:19  Supply Depot  
  54  4:20  SCV x2  
  59  4:32  SCV x2, Marine x2  
  59  4:35  Refinery  
  59  4:37  Engineering Bay  
  63  4:38  Factory Reactor  
  63  4:44  SCV x2  
  65  4:46  Supply Depot  
  65  4:50  Marine x2  
  67  4:56  SCV x2  
  69  5:01  Marine  
  69  5:02  Stimpack  
  69  5:06  Missile Turret  
  69  5:08  Supply Depot, SCV, Marine x2  
  69  5:09  Terran Infantry Weapons Level 1  
  69  5:14  Missile Turret  
  72  5:15  SCV  
  72  5:21  SCV  
  74  5:28  Marine x3  
  75  5:31  SCV  
  75  5:33  SCV  
  79  5:42  Supply Depot  
  79  5:44  Command Center  
  79  5:45  Medivac x2  
  79  5:47  SCV  
  79  5:49  SCV  
  85  5:51  Marine x2  
  87  5:59  Supply Depot  
  87  6:02  Refinery, Liberator x2  
  87  6:03  Supply Depot  
  89  6:04  Marauder  
  89  6:07  Barracks  
  89  6:09  Factory Reactor  
  89  6:11  SCV x2  
  91  6:23  SCV  
  98  6:26  Supply Depot, Marine x2  
  98  6:30  Marauder  
  98  6:31  SCV  
  103  6:35  SCV  
  103  6:39  Barracks  
  104  6:41  Barracks  
  104  6:47  SCV  
  104  6:48  Marine x2  
  104  6:50  Liberator  
  104  6:54  Supply Depot  
  107  6:55  Liberator  
  107  6:56  Marauder  
  107  6:57  Orbital Command  
  107  6:59  SCV, Factory Reactor, Concussive Shells  
  110  7:02  Combat Shields  
  110  7:04  SCV  
  113  7:11  SCV  
  113  7:15  Marauder  
  119  7:16  SCV, Orbital Command  
  119  7:17  Marine  
  119  7:18  Marine  
  119  7:20  Marine  
  122  7:23  SCV  
  123  7:30  SCV  
  123  7:35  SCV  
  123  7:36  Marine  
  123  7:37  Marauder  
  128  7:38  Barracks Reactor  
  128  7:40  Refinery  
  128  7:46  Supply Depot, Refinery, Liberator x2  
  128  7:47  SCV x2  
  128  7:48  SCV  
  128  7:49  Supply Depot  
  131  7:51  Missile Turret  
  131  7:53  Marauder  
  131  7:58  Marauder  
  130  7:59  SCV x2  
  130  8:00  Marine x2  
  130  8:05  Terran Infantry Armor Level 1  
  140  8:14  Marine, Marauder  
  140  8:15  Missile Turret  
  140  8:18  Missile Turret  
  140  8:19  Marauder, Marine x4  
  148  8:20  Widow Mine x2  
  148  8:24  Marine  
  153  8:29  Liberator  
  153  8:32  Marine  
  154  8:35  Missile Turret  
  154  8:36  Marauder  
  154  8:37  Marine x2  
  154  8:41  Marine, Marauder  
  160  8:42  Marine  
  165  8:51  Supply Depot, Barracks x2  
  165  8:52  Supply Depot, Barracks  
  164  8:56  Liberator  
  164  9:04  Supply Depot  
  164  9:12  Liberator  
  164  9:13  Marauder x2  
  164  9:16  Supply Depot, Marine x3  
  178  9:21  Marine  
  170  9:29  Marine  
  170  9:30  Marine  
  151  9:34  Marine x2  
  151  9:35  Marauder x2  
  139  9:43  Barracks Tech Lab x2  
  139  9:44  Barracks Tech Lab  
  135  9:46  Command Center  
  135  9:47  Starport, Marine x2  
  135  9:49  Marine x2  
  135  9:53  Armory  
  135  9:56  Marauder x2  
  135  9:58  Engineering Bay  
  138  10:01  Marine  
  138  10:02  Marine x2  
  138  10:04  Marauder  
  138  10:05  Marine, Marauder  
  138  10:06  Liberator  
  132  10:07  Liberator  
  122  10:17  Marauder x2  
  122  10:18  Marine  
  122  10:19  Marine  
  122  10:20  Marauder  
  131  10:21  Medivac x2  
  131  10:26  Marine x2, Marauder x2  
  141  10:34  Marine  
  141  10:39  Marauder x2, Marine x2  
  141  10:41  Marauder  
  148  10:43  Marine  
  148  10:47  Marauder  
  148  10:48  Terran Infantry Armor Level 2, Terran Infantry Weapons Level 2, Marauder  
  148  10:49  Marine, Liberator  
  152  10:50  Terran Ship Weapons Level 1  
  152  10:51  Medivac x2, Marine  
  157  10:57  Marine  
  157  10:59  Marine  
  157  11:00  Marauder x2, Marine  
  157  11:03  Marauder  
  165  11:09  Marauder  
  169  11:12  Marauder, Marine  
  169  11:16  Marine  
  169  11:17  Liberator  
  156  11:19  Liberator  
  156  11:22  Marauder  
  139  11:28  Marine x3  
  139  11:29  Marine  
  139  11:32  Marine  
  139  11:39  Marine  
  143  11:41  Liberator x2  
  143  11:45  Marine  
  146  11:47  Marine, Marauder  
  146  11:48  Marine  
  148  12:01  Marine  
  155  12:05  Marine  
  155  12:06  Marine  
  157  12:09  Marine  
  157  12:10  Marine  
  157  12:13  Liberator  
  157  12:15  Planetary Fortress  
  159  12:19  Marine  
  159  12:20  Marauder  
  143  12:24  Marine, Marauder x2  
  143  12:25  Marine  
  143  12:29  Marine x2  
  132  12:37  Medivac  
  132  12:39  Marauder, Marine  
  132  12:41  Marine, Medivac  
  139  12:44  Marauder  
  139  12:46  Sensor Tower  
  139  12:48  Marauder, Marine  
  139  12:49  Marauder  
  144  12:52  Sensor Tower  
  144  12:53  Marauder  
  144  12:54  Marine  
  147  13:01  Marauder  
  147  13:04  Marine  
  143  13:05  Marauder  
  143  13:10  Marauder  
  143  13:11  Marauder  
  143  13:12  Marine  
  140  13:16  Liberator, Medivac x2  
  140  13:18  Medivac  
  148  13:28  Liberator  
  148  13:29  Marine x2  
  148  13:30  Marine x5  
  156  13:40  Marine  
  156  13:41  Marauder  
  159  13:45  Marine, Marauder  
  167  13:48  Marauder, Orbital Command  
  167  13:49  Liberator  
  167  13:53  Marauder  
  164  14:02  Marauder  
  164  14:13  Marine  
  164  14:15  Marine  
  164  14:20  Marauder  
  164  14:21  Marine  
  167  14:25  Refinery  
  167  14:29  Refinery  
  167  14:32  Marine  
  167  14:33  Marauder  
  167  14:35  Marauder  
  167  14:36  Marine  
  173  14:41  Marauder  
  173  14:46  Marine  
  173  14:47  Marauder, Marine  
  173  14:51  Marauder, Marine  
  178  14:54  Marauder  
  178  14:58  Marauder, Marine  
  177  15:03  Marauder  
  177  15:05  Marine  
  162  15:11  Marine x2  
Show
View Real Time Build Order
Export as new Build Order

HuK Protoss - Winner!

Build Orders: 1 Gate Expand, Blink Stalkers 

Get SALT Encoding   

  12  0:01  Probe (Chrono Boost)  
  13  0:11  Probe (Chrono Boost)  
  14  0:18  Pylon  
  14  0:22  Probe (Chrono Boost)  
  15  0:36  Probe (Chrono Boost), Gateway  
  16  0:43  Assimilator  
  16  0:46  Probe (Chrono Boost)  
  18  0:57  Probe (Chrono Boost)  
  18  1:07  Probe (Chrono Boost)  
  19  1:18  Probe (Chrono Boost)  
  20  1:24  Cybernetics Core  
  20  1:29  Probe (Chrono Boost)  
  21  1:37  Nexus  
  21  1:39  Probe (Chrono Boost)  
  22  1:45  Assimilator  
  22  1:50  Probe (Chrono Boost)  
  22  1:52  Pylon  
  23  2:00  Warp Gate (Chrono Boost)  
  23  2:10  Probe  
  23  2:11  Adept (Chrono Boost)  
  26  2:19  Twilight Council  
  27  2:22  Probe (Chrono Boost)  
  27  2:34  Probe (Chrono Boost)  
  28  2:45  Probe (Chrono Boost)  
  28  2:49  Probe (Chrono Boost)  
  30  2:55  Probe (Chrono Boost)  
  30  2:58  Blink (Chrono Boost)  
  31  3:03  Probe  
  32  3:09  Mothership Core, Gateway  
  32  3:11  Gateway  
  34  3:14  Probe  
  35  3:24  Probe  
  36  3:27  Pylon  
  36  3:30  Probe  
  37  3:34  Pylon  
  37  3:35  Probe, Robotics Facility  
  38  3:42  Probe  
  38  3:46  Probe  
  40  3:56  Probe  
  40  3:59  Probe  
  40  4:00  Pylon  
  42  4:03  Assimilator  
  42  4:05  Stalker x3  
  42  4:09  Probe x2, Assimilator  
  50  4:21  Probe  
  51  4:28  Nexus  
  51  4:31  Probe  
  51  4:33  Probe, Pylon  
  51  4:37  Pylon  
  53  4:41  Probe  
  53  4:43  Observer (Chrono Boost)  
  55  4:45  Probe  
  55  4:51  Sentry  
  58  4:55  Stalker x2  
  62  5:04  Probe  
  62  5:06  Probe  
  64  5:10  Forge  
  64  5:13  Observer (Chrono Boost)  
  65  5:14  Forge  
  65  5:15  Probe  
  65  5:18  Probe  
  67  5:26  Probe  
  68  5:31  Immortal (Chrono Boost)  
  68  5:32  Stalker x3  
  78  5:38  Probe x2  
  78  5:41  Probe  
  81  5:50  Probe  
  81  5:52  Probe  
  81  5:54  Probe  
  81  5:55  Gateway  
  81  5:56  Charge (Chrono Boost)  
  84  5:58  Gateway  
  84  6:02  Probe, Protoss Ground Armor Level 1 (Chrono Boost)  
  84  6:03  Pylon  
  85  6:04  Probe  
  85  6:07  Observer  
  85  6:10  Protoss Ground Weapons Level 1 (Chrono Boost)  
  87  6:15  Probe  
  87  6:16  Probe  
  87  6:18  Assimilator  
  88  6:21  Probe  
  88  6:22  Assimilator  
  88  6:25  Probe  
  89  6:29  Observer  
  91  6:37  Gateway  
  91  6:40  Gateway x2, Probe x2  
  91  6:41  Gateway x2  
  93  6:50  Zealot x3  
  93  6:52  Probe, Zealot  
  104  6:55  Immortal  
  106  7:08  Zealot  
  108  7:12  Pylon  
  108  7:14  Pylon  
  108  7:15  Zealot  
  109  7:24  Templar Archives  
  109  7:29  Zealot  
  109  7:30  Zealot  
  109  7:31  Zealot x2  
  115  7:38  Warp Prism  
  117  7:53  Protoss Ground Weapons Level 2 (Chrono Boost)  
  117  7:54  Protoss Ground Armor Level 2 (Chrono Boost)  
  107  8:01  Stalker x4  
  107  8:03  Zealot x6  
  123  8:08  Gateway  
  123  8:09  Gateway  
  123  8:10  Gateway, Pylon  
  123  8:17  Observer  
  124  8:20  Psionic Storm  
  124  8:21  Pylon  
  124  8:32  High Templar x2  
  124  8:33  High Templar x2  
  132  8:35  Stalker  
  132  8:40  Stalker, Nexus  
  135  8:42  Pylon  
  135  8:45  Observer  
  135  8:47  Pylon  
  136  8:55  Pylon  
  136  8:59  Archon x2  
  130  9:04  Stalker x2, High Templar x2  
  130  9:05  High Templar x2  
  130  9:06  Zealot x3  
  148  9:10  Archon x2  
  148  9:17  Zealot  
  135  9:26  Stalker x2  
  89  9:39  Zealot x7  
  89  9:40  Observer  
  104  9:45  Zealot  
  104  9:47  Probe  
  107  9:55  Zealot  
  107  9:56  Zealot  
  111  10:00  Stalker x4  
  111  10:04  Protoss Ground Weapons Level 3  
  101  10:18  Stalker x5  
  101  10:27  High Templar  
  101  10:28  High Templar x2  
  107  10:29  Zealot, High Templar  
  107  10:32  Archon  
  107  10:33  Archon  
  107  10:34  Protoss Ground Armor Level 3  
  110  10:36  Zealot x2  
  110  10:37  Zealot  
  116  10:47  Zealot x5  
  126  10:52  Zealot  
  128  11:02  Zealot x2  
  132  11:07  Zealot x8  
  132  11:18  Zealot x3  
  128  11:36  High Templar x5  
  128  11:39  Assimilator  
  138  11:45  High Templar, Assimilator  
  140  11:49  Photon Cannon  
  140  11:55  Pylon  
  140  11:58  Stalker x2  
  140  11:59  Stalker x4  
  152  12:05  Stalker  
  154  12:14  Zealot x5  
  163  12:29  Stalker x7  
  171  12:40  Protoss Shields Level 1  
  171  12:43  Pylon x2  
  169  12:46  Pylon  
  169  12:52  Stalker  
  141  13:10  Archon  
  105  13:13  Zealot x5  
  105  13:14  Zealot x5  
  123  13:20  High Templar x3  
  129  13:35  High Templar x2  
  129  13:36  High Templar x2  
  129  13:39  Archon  
  129  13:40  Archon  
  137  13:41  Zealot x4  
  137  13:42  Zealot  
  141  14:04  Zealot x6  
  141  14:05  Zealot  
  155  14:12  High Templar x4  
  163  14:23  High Templar x2  
  163  14:24  High Templar  
  168  14:28  Zealot x2  
  168  14:29  Zealot x3  
  168  14:30  High Templar, Archon  
  180  14:35  Archon  
  180  14:48  Zealot x2  
  180  14:49  Zealot x3  
  176  15:06  Zealot x3  
  176  15:07  Zealot x4  

Tags
 
Add a new tag
Caveats
  • Supply blocks, unpowered buildings, or Contaminate may cause inaccurate times.
  • Supply counts are checked every 10 seconds.